 Dungeon Crawl Stone Soup version 0.25-a0-341-g6f074c887a (webtiles) character file.

Game seed: 9095208129993980028, levelgen mode: deterministic

42 Aggronaut the Charlatan (level 3, -2/20 HPs)
             Began as a Gargoyle Artificer on Dec 30, 2019.
             Killed by nerve-wracking pain
             ... invoked by a shadow imp
              (5 damage)
             ... on level 1 of the Dungeon.
             The game lasted 00:02:17 (987 turns).

Aggronaut the Charlatan (Gargoyle Artificer)         Turns: 987, Time: 00:02:17

Health: -2/20      AC:  8    Str: 16    XL:     3   Next: 54%
Magic:  5/5        EV: 11    Int: 11    God:
Gold:   34         SH:  0    Dex: 10    Spells: 2/2 levels left

rFire    . . .     SeeInvis .   j - +0 whip
rCold    . . .     Gourm    .   (no shield)
rNeg     + . .     Faith    .   g - +0 ring mail
rPois    ∞         Spirit   .   (no helmet)
rElec    +         Reflect  .   (no cloak)
rCorr    .         Harm     .   (no gloves)
MR       .....                  (no boots)
Stlth    +.........             (no amulet)
HPRegen  0.06/turn              (no ring)
MPRegen  0.09/turn              (no ring)

@: no status effects
A: negative energy resistance 1, electricity resistance, unbreathing,
petrification resistance, rot immunity, AC +3
a: no special abilities


You were on level 1 of the Dungeon.
You were not hungry.

You visited 1 branch of the dungeon, and saw 2 of its levels.

You collected 34 gold pieces.

Inventory:

Hand Weapons
 j - a +0 whip (weapon)
Armour
 b - a +0 leather armour
 g - a +0 ring mail (worn)
Wands
 c - a wand of flame (15)
 d - a wand of enslavement (15)
 e - a wand of random effects (15)
Scrolls
 h - a scroll of enchant armour {unknown}
Potions
 i - a potion of cancellation {unknown}
Comestibles
 f - a ration


   Skills:
 - Level 1.1 Fighting
   Level 1.0 Short Blades
 * Level 1.9 Maces & Flails
 - Level 1.8 Dodging
 - Level 1.1 Stealth
 - Level 3.2 Evocations


You had 2 spell levels left.
You didn't know any spells.
Your spell library was empty.

Dungeon Overview and Level Annotations

Branches:
Dungeon (2/15)

Altars:


Innate Abilities, Weirdness & Mutations

You are resistant to torment.
Your stone body is resilient. (AC +3)
You are immune to poison.
You resist negative energy. (rN+)
You are resistant to electric shocks. (rElec)
You can survive without breathing.
You are immune to petrification.
You are immune to rotting.


Message History

You barely miss the shadow imp.
The shadow imp hits you but does no damage.
You closely miss the shadow imp. The shadow imp barely misses you.
You barely miss the shadow imp.
The shadow imp hits you but does no damage.
You barely miss the shadow imp. The shadow imp misses you.
You closely miss the shadow imp. The shadow imp closely misses you.
You completely miss the shadow imp. The shadow imp barely misses you.
You hit the shadow imp but do no damage.
The shadow imp gestures at you. Pain shoots through your body!
* * * LOW HITPOINT WARNING * * *
You hit the shadow imp.
The shadow imp is heavily wounded.
The shadow imp closely misses you.
You closely miss the shadow imp.
The shadow imp is heavily wounded.
The shadow imp gestures at you. Pain shoots through your body!
You die...

###########
#.........#
#.#######.# #.# #.#
#.#######.###########
#.##>5......)........
#.#†@...#.###########
#.#.....#.###########
#.#..............)...
#.#.....#.###########
#.#####.#.# #
#.......#.###########
#########............
##....############.
#[..#..............


You could see a shadow imp.

Vanquished Creatures
  An adder (D:2)
  An ooze (D:1)
  2 dart slugs
  A leopard gecko (D:1)
  A giant cockroach (D:1)
  2 goblins
  2 hobgoblins
  6 kobolds (D:1)
  A ball python (D:1)
  3 frilled lizards (D:1)
  2 rats (D:1)
22 creatures vanquished.

Notes
Turn   | Place    | Note
-------+----------+-------------------------------------------
     0 | D:1      | Aggronaut the Gargoyle Artificer began the quest for the
                  | Orb.
     0 | D:1      | Reached XP level 1. HP: 12/12 MP: 2/2
   255 | D:1      | Reached skill level 3 in Evocations
   345 | D:1      | Reached XP level 2. HP: 16/16 MP: 4/4
   607 | D:1      | Reached skill level 1 in Short Blades
   691 | D:2      | Reached skill level 1 in Maces & Flails
   691 | D:2      | Reached XP level 3. HP: 6/20 MP: 5/5
   987 | D:1      | Killed from afar by a shadow imp

Levels and vault maps discovered:
D:1:      lightli_molten_gateway, layout_basic
D:2:      layout_rooms, minmay_quadrilaterals

Skill      XL: |  1  2 |
---------------+-------+-----
Evocations     | 3 |  3.2
Short Blades   | 1 |  1.0
Maces & Flails | 1 |  1.9
Fighting       | |  1.1
Dodging        | |  1.8
Stealth        | |  1.1

Action                   || total
-------------------------++-------
Melee: Short sword       ||    53
       Whip              ||    51
Armor: Ring mail         ||    44
Dodge: Dodged            ||    57

Table legend:
 A = Non-vault XP
 B = Vault XP
 C = Vault XP percentage of total XP
 D = Non-vault monster count
 E = Vault monster count
 F = Vault count percentage of total count
                 A         B        C        D         E       F
            +---------+---------+-------+---------+---------+-------
      Total |      60 |       0 |   0.0 |      22 |       0 |   0.0
            +---------+---------+-------+---------+---------+-------
        D:1 |      38 |       0 |   0.0 |      18 |       0 |   0.0
        D:2 |      22 |       0 |   0.0 |       4 |       0 |   0.0
            +---------+---------+-------+---------+---------+-------
